 Dungeon Crawl Stone Soup version 0.24.0-37-gcf1ca852f1 (webtiles) character file.

Game seed: 10975491795261289024, levelgen mode: deterministic

53531 Hogrash the Apostle (level 14, -5/127 HPs)
             Began as a Hill Orc Monk on Dec 4, 2019.
             Was a High Priest of Beogh.
             Slain by a white ugly thing (23 damage)
             ... on level 13 of the Dungeon.
             The game lasted 01:31:37 (27189 turns).

Hogrash the Apostle (Hill Orc Monk)                Turns: 27189, Time: 01:31:38

Health: -5/127     AC: 19    Str: 19    XL:     14   Next: 68%
Magic:  20/25      EV:  7    Int: 10    God:    Beogh [*****.]
Gold:   1333       SH: 13    Dex: 13    Spells: 13/13 levels left

rFire    . . .     SeeInvis +   a - +11 mace "Nekoiq" {speed, +Blink}
rCold    . . .     Gourm    .   y - +1 shield
rNeg     . . .     Faith    .   U - +0 plate armour
rPois    +         Spirit   .   t - +0 helmet
rElec    +         Reflect  .   J - scarf {repulsion}
rCorr    .         Harm     .   B - +0 pair of gloves
MR       +....                  j - +0 pair of boots
Stlth    ..........             C - amulet "Ruclaose" {RegenMP Slay+5}
HPRegen  0.31/turn              c - +3 ring of slaying
MPRegen  0.44/turn              e - ring "Himussus" {Wiz rElec rPois SInv Stlth+}

@: repel missiles
A: walk on water
a: Smiting, Recall Orcish Followers, Give Item to Named Follower, Renounce
Religion, Evoke Blink


You were on level 13 of the Dungeon.
You worshipped Beogh.
Beogh was extremely pleased with you.
You were not hungry.

You visited 3 branches of the dungeon, and saw 20 of its levels.

You collected 1333 gold pieces.

Inventory:

Hand Weapons
 a - the +11 mace "Nekoiq" (weapon) {speed, +Blink}
   (You found it on level 9 of the Dungeon)

   Attacks with this weapon are significantly faster.
   It lets you blink.
 b - a +0 hand crossbow
Missiles
 Q - 117 bolts
Armour
 j - a +0 pair of boots (worn)
 t - a +0 helmet (worn)
 y - a +1 shield (worn)
 B - a +0 pair of gloves (worn)
 J - a scarf of repulsion (worn)
 U - a +0 plate armour (worn)
Jewellery
 c - a +3 ring of slaying (left hand)
 d - an uncursed ring of resist corrosion
 e - the ring "Himussus" (right hand) {Wiz rElec rPois SInv Stlth+}
   (You found it on level 6 of the Lair of Beasts)

   [ring of wizardry]

   It improves your spell success rate.
   It insulates you from electricity.
   It protects you from poison.
   It lets you see invisible.
   It makes you more stealthy.
 s - an uncursed ring of protection from magic
 C - the amulet "Ruclaose" (around neck) {RegenMP Slay+5}
   (You found it on level 6 of the Dungeon)

   [amulet of magic regeneration]

   It increases your magic regeneration.
   It affects your accuracy and damage with ranged weapons and melee attacks
   (+5).
Wands
 F - a wand of iceblast (23)
 L - a wand of acid (24)
 M - a wand of clouds (3)
 N - a wand of digging (7)
 T - a wand of disintegration (15)
Scrolls
 f - 5 scrolls of enchant armour
 g - 12 scrolls of teleportation
 l - 2 scrolls of remove curse
 n - 4 scrolls of immolation
 o - 4 scrolls of fog
 q - 2 scrolls of blinking
 v - 4 scrolls of magic mapping
 x - 7 scrolls of enchant weapon
 G - 3 scrolls of silence {unknown}
 H - a scroll of brand weapon {unknown}
 K - a scroll of holy word {unknown}
 O - 2 scrolls of acquirement {unknown}
 R - 2 scrolls of amnesia {unknown}
 V - 2 scrolls of noise {unknown}
 W - 5 scrolls of fear {unknown}
 X - a scroll of summoning {unknown}
 Y - a scroll of random uselessness {unknown}
Potions
 h - 2 potions of berserk rage
 i - a potion of heal wounds
 k - a potion of ambrosia {unknown}
 m - 5 potions of haste
 p - 2 potions of magic
 r - 8 potions of curing
 u - 2 potions of cancellation
 w - 7 potions of lignification
 z - 4 potions of might
 A - 4 potions of resistance
 D - 5 potions of mutation
 I - 6 potions of brilliance
 P - a potion of agility
 S - 2 potions of flight
Comestibles
 E - 34 rations
 Z - 5 chunks of flesh


   Skills:
 + Level 12.3 Fighting
   Level 11.7(14.1) Axes
 + Level 11.3(12.7) Maces & Flails
 + Level 11.0 Armour
 - Level 2.4 Dodging
 - Level 1.5 Stealth
 + Level 12.0 Shields
 * Level 14.9 Invocations


You had 13 spell levels left.
You didn't know any spells.
Your spell library contained the following spells:

 Spells                   Type           Power        Failure   Level  Hunger
 Sandblast                Erth           #.....       98%         1    ##.....
 Summon Butterflies       Summ           #.......     98%         1    ##.....
 Passwall                 Tmut/Erth      #.......     99%         2    ###....
 Stone Arrow              Conj/Erth      #.....       100%        3    ####...
 Petrify                  Tmut/Erth      #.......     100%        4    #####..
 Lee's Rapid Deconstruct  Erth           #.........   100%        5    ######.


Dungeon Overview and Level Annotations

Branches:
Dungeon (13/15)            Temple (1/1) D:5            Lair (6/6) D:8
 Shoals (0/4) Lair:3        Snake (0/4) Lair:2        Slime (0/5) Lair:5
    Orc (0/2) D:11
 Vaults: D:13-14

Altars:
Cheibriados
Elyvilon
Fedhas
Gozag
Hepliaklqana
Kikubaaqudgha
Makhleb
Okawaru
Ru
Sif Muna
Vehumet
Yredelemnul
The Shining One

Annotations:
D:3 3 runed translucent doors, demivan's ghost, amateur MiFi; diiiiiane's ghost, amateur OpAs; jaiteiro's ghost, amateur GrSk
Lair:1 2 runed translucent doors, matti1234's ghost, journeyman OpWr
Lair:6 3 runed translucent doors, Curus's ghost, journeyman DrBe


Message History

The white ugly thing freezes your orc knight!!
Your orc knight dies!
The worker ant bites Bolgrim but does no damage.
Gorm hits the white ugly thing with a +0 short sword!!
Bolgrim no longer looks unusually strong.
Gorm looks more healthy.
Your orc hits the white ugly thing but does no damage.
Bolgrim blocks the worker ant's attack.
Your orc barely misses the white ugly thing.
The white ugly thing claws you but does no damage.
Bolgrim barely misses the worker ant.
Gorm hits the white ugly thing with a +0 short sword.
Okay, then.
Unknown command.
You sock the worker ant!
The worker ant is severely wounded.
The white ugly thing claws you.
* * * LOW HITPOINT WARNING * * *
The white ugly thing freezes you!!
You die...

># ##.........#
.# ..####.......#
.# . #..
####..o.# .# ..
#..## ####o# .#
... #...# ###...#
.# ....#...#
##.o...# .##
.......###..o...#
.o##
#.)..##..###.#
.#.# #o.a@#...#
#.# #o##
###.oou#...##..#
..#
......)o(.......#
#.###
#####.###########
#.#.# #. oo..# ..
#.### ### #.# #.#


You could see a white ugly thing, a worker ant, a friendly orc knight, the
friendly Bolgrim the orc knight, the friendly Gorm the orc knight and a friendly
orc.

Vanquished Creatures
  6 hydras
  A catoblepas (Lair:6)
  2 centaur warriors (D:13)
  A two-headed ogre (D:9)
  A death knight (D:13)
  9 death yaks
  A deep elf mage (D:10)
  An oklob plant (Lair:2)
  A cyclops (D:12)
  2 merfolk sirens (Lair:3)
  An ugly thing (D:11)
  2 black mambas (Lair:2)
  4 elephants (Lair:6)
  6 spiny frogs
  2 rime drakes
  5 komodo dragons
  2 trolls
  A polar bear (Lair:6)
  5 slime creatures
  2 blink frogs (Lair:6)
  4 hippogriffs
  Sigmund (D:5)
  A spriggan (D:7)
  3 wyverns
  19 yaks
  Eustachio (D:6)
  A basilisk (Lair:5)
  Menkaure (D:7)
  4 nagas (Lair:2)
  2 acid dragons
  8 water moccasins
  6 porcupines
  Duvessa (D:5)
  4 orc warriors
  4 ice beasts
  A phantom (D:8)
  2 black bears (D:8)
  2 sky beasts
  4 ogres
  10 wolves
  13 centaurs
  5 crocodiles
  A big kobold (D:11)
  11 bullfrogs
  A water moccasin zombie (D:11)
  2 scorpions
  17 killer bees
  4 electric eels
  8 crimson imps
  A bullfrog zombie (D:13)
  5 howler monkeys
  2 centaur zombies
  4 quasits
  9 hounds
  A gnoll shaman (D:8)
  2 orc priests
  6 bullfrog skeletons
  4 jellies
  13 orc wizards
  Ijyb (D:5)
  2 centaur skeletons
  6 worker ants
  A killer bee zombie (D:9)
  A worker ant zombie (D:7)
  13 gnolls
  9 adders
  3 shadow imps
  2 oozes
  2 adder skeletons
  A worm (D:3)
  2 dart slugs
  10 leopard geckos
  25 orcs
  2 ball pythons
  4 bats
  7 giant cockroaches
  4 goblins
  5 hobgoblins
  19 jackals
  11 kobolds
  4 quokkas
  9 frilled lizards
  A leopard gecko skeleton (D:4)
  5 rats
  7 fungi
  A plant (Lair:4)
400 creatures vanquished.

Vanquished Creatures (collateral kills)
  Rupert (D:12)
  3 hydras
  3 centaur warriors
  A deep troll shaman (Lair:6)
  2 two-headed ogres (D:13)
  6 death yaks
  A skeletal warrior (D:11)
  An oklob plant (Lair:2)
  9 elephants
  A merfolk siren (Lair:3)
  2 black mambas
  3 spiny frogs
  A centaur skeleton (D:13)
  2 torpor snails
  A rime drake (Lair:4)
  A komodo dragon (Lair:4)
  A merfolk (Lair:3)
  A troll (D:13)
  A polar bear (Lair:6)
  2 hornets
  3 blink frogs (Lair:6)
  3 hippogriffs
  2 wyverns
  19 yaks
  2 basilisks
  A hungry ghost (D:12)
  3 nagas (Lair:2)
  4 water moccasins
  A sky beast (D:12)
  2 ogres
  8 wolves
  5 centaurs
  5 crocodiles
  3 scorpions
  A killer bee (D:12)
  2 crimson imps (D:12)
  3 worker ants
  A shadow imp (D:13)
  2 orcs
  2 kobolds (D:11)
  13 fungi
  13 plants
141 creatures vanquished.

Vanquished Creatures (others)
  4 orc knights
  Dowan (D:5)
  An orc priest (D:6)
  3 orc wizards
  11 orcs
  16 fungi
  14 plants
  4 toadstools (D:7)
54 creatures vanquished.

Grand Total: 595 creatures vanquished

Notes
Turn   | Place    | Note
-------+----------+-------------------------------------------
     0 | D:1      | Hogrash the Hill Orc Monk began the quest for the Orb.
     0 | D:1      | Reached XP level 1. HP: 19/19 MP: 1/1
   206 | D:1      | Reached XP level 2. HP: 25/27 MP: 2/2
   453 | D:1      | Reached skill level 1 in Armour
   754 | D:1      | Reached XP level 3. HP: 33/33 MP: 3/3
  1175 | D:2      | Reached skill level 5 in Axes
  1366 | D:2      | Found a white marble altar of Elyvilon.
  2008 | D:2      | Reached XP level 4. HP: 35/40 MP: 4/4
  2333 | D:3      | Noticed a phantom
  2922 | D:3      | Found a runed translucent gate.
  2923 | D:3      | Found a runed translucent gate.
  2923 | D:3      | Found a runed translucent gate.
  2926 | D:3      | Noticed jaiteiro's ghost (amateur GrSk)
  2926 | D:3      | Noticed demivan's ghost (amateur MiFi)
  2926 | D:3      | Noticed diiiiiane's ghost (amateur OpAs)
  3068 | D:3      | Reached XP level 5. HP: 40/47 MP: 5/5
  4584 | D:4      | Reached XP level 6. HP: 49/55 MP: 6/6
  4760 | D:4      | Reached skill level 5 in Fighting
  5173 | D:4      | You fall into a shaft and drop 2 floors!
  5188 | D:6      | Reached skill level 1 in Shields
  5214 | D:5      | Entered Level 5 of the Dungeon
  5214 | D:5      | Noticed Sigmund
  5406 | D:6      | Noticed Eustachio
  5465 | D:6      | Got a clouded steel amulet
  5468 | D:6      | Identified the amulet "Ruclaose" {RegenMP Slay+5} (You
                  | found it on level 6 of the Dungeon)
  5520 | D:6      | Became a worshipper of Beogh the Brigand
  5520 | D:6      | Reached * piety under Beogh
  5520 | D:6      | Reached ** piety under Beogh
  5525 | D:6      | Reached XP level 7. HP: 57/61 MP: 7/7
  5563 | D:6      | Reached skill level 1 in Invocations
  5712 | D:5      | Noticed Duvessa
  5712 | D:5      | Noticed Dowan
  5712 | D:5      | Noticed Ijyb
  5989 | D:6      | Reached skill level 2 in Invocations
  6097 | D:6      | Noticed a yak
  6097 | D:6      | Noticed a yak
  6097 | D:6      | Noticed a yak
  6225 | D:5      | Reached XP level 8. HP: 58/70 MP: 8/10
  6707 | D:5      | Found a staircase to the Ecumenical Temple.
  6718 | Temple   | Entered the Ecumenical Temple
  6863 | D:5      | Reached skill level 3 in Invocations
  6879 | D:5      | Killed Ijyb
  6949 | D:5      | Killed Sigmund
  7174 | D:5      | Reached skill level 4 in Invocations
  7332 | D:5      | Killed Duvessa
  7382 | D:5      | Killed Dowan
  7912 | D:5      | Found a staircase to the Ecumenical Temple.
  8750 | D:5      | Found a staircase to the Ecumenical Temple.
  9366 | D:5      | Found a staircase to the Ecumenical Temple.
 10354 | D:6      | Killed a yak
 10354 | D:6      | Reached skill level 5 in Shields
 10365 | D:5      | Killed a yak
 10365 | D:5      | Reached skill level 5 in Invocations
 10365 | D:5      | Reached XP level 9. HP: 48/78 MP: 12/12
 10623 | D:6      | Killed Eustachio
 10731 | D:7      | Reached skill level 5 in Armour
 10778 | D:7      | Reached skill level 6 in Invocations
 10887 | D:7      | Noticed Menkaure
 10919 | D:7      | Killed Menkaure
 10919 | D:7      | Reached skill level 10 in Axes
 11405 | D:8      | Reached skill level 7 in Invocations
 11614 | D:8      | Found a staircase to the Lair.
 11846 | D:8      | Reached XP level 10. HP: 86/86 MP: 15/15
 12291 | D:8      | Found a blossoming altar of Fedhas.
 12948 | D:9      | Noticed a two-headed ogre
 12958 | D:9      | Killed a two-headed ogre
 12958 | D:9      | Reached skill level 8 in Invocations
 13208 | D:9      | Found a sacrificial altar of Ru.
 13234 | D:9      | Found an iron altar of Okawaru.
 13235 | D:9      | Found a snail-covered altar of Cheibriados.
 13236 | D:9      | Found a glowing golden altar of the Shining One.
 13236 | D:9      | Found an opulent altar of Gozag.
 13236 | D:9      | Found a burning altar of Makhleb.
 13665 | D:9      | Found an ancient bone altar of Kikubaaqudgha.
 13671 | D:9      | Reached skill level 9 in Invocations
 13677 | D:9      | Found a radiant altar of Vehumet.
 13690 | D:9      | Found a shimmering blue altar of Sif Muna.
 13699 | D:9      | Identified Sif Muna's Reference Book on Creation
 13798 | D:9      | Reached *** piety under Beogh
 13952 | D:9      | Found a hazy altar of Hepliaklqana.
 13982 | D:9      | Got a slimy mace
 13983 | D:9      | Identified the +11 mace "Nekoiq" {speed, +Blink} (You found
                  | it on level 9 of the Dungeon)
 14311 | D:10     | Entered Level 10 of the Dungeon
 14321 | D:9      | Reached skill level 1 in Maces & Flails
 14333 | D:9      | Reached XP level 11. HP: 64/94 MP: 18/18
 15076 | D:10     | Noticed a deep elf mage
 15082 | D:10     | Killed a deep elf mage
 15687 | D:11     | Noticed a centaur warrior
 15693 | D:11     | Killed a centaur warrior
 15933 | D:11     | Reached skill level 10 in Invocations
 15936 | D:11     | Reached **** piety under Beogh
 16065 | D:11     | Found a staircase to the Orcish Mines.
 16117 | D:11     | Noticed a brown ugly thing
 16122 | D:11     | Killed a brown ugly thing
 16258 | D:11     | Noticed a seven-headed hydra
 16261 | D:11     | Killed a seven-headed hydra
 16261 | D:11     | Reached skill level 5 in Maces & Flails
 16261 | D:11     | Noticed a skeletal warrior
 16275 | D:11     | Killed a skeletal warrior
 16451 | D:11     | Got a transparent ring mail
 16462 | D:11     | Identified the +1 ring mail of Mob Tiet {*Slow Str+6
                  | Stlth+} (You found it on level 11 of the Dungeon)
 17139 | D:12     | Noticed a cyclops
 17147 | D:12     | Killed a cyclops
 17443 | D:12     | Reached XP level 12. HP: 105/105 MP: 19/19
 17585 | D:12     | Noticed Rupert
 17592 | D:12     | Killed Rupert
 18156 | Lair:1   | Entered Level 1 of the Lair of Beasts
 18303 | Lair:1   | Reached skill level 11 in Invocations
 18332 | Lair:1   | Found a large runed translucent door.
 18332 | Lair:1   | Found a large runed translucent door.
 18337 | Lair:1   | Noticed matti1234's ghost (journeyman OpWr)
 18362 | Lair:1   | Noticed a five-headed hydra
 18371 | Lair:1   | Killed a five-headed hydra
 18463 | Lair:1   | Reached skill level 10 in Fighting
 18575 | Lair:1   | Reached skill level 10 in Shields
 18600 | Lair:1   | Noticed a four-headed hydra
 18605 | Lair:1   | Killed a four-headed hydra
 19638 | Lair:2   | Gained Orik as an ally
 19986 | Lair:2   | Gained Milork as an ally
 20211 | Lair:2   | Found a staircase to the Snake Pit.
 20231 | Lair:2   | Noticed a death yak
 20231 | Lair:2   | Noticed a death yak
 20233 | Lair:2   | Noticed a death yak
 20233 | Lair:2   | Noticed a death yak
 20237 | Lair:2   | Killed a death yak
 20240 | Lair:2   | Killed a death yak
 20240 | Lair:2   | Reached XP level 13. HP: 114/114 MP: 21/21
 20901 | Lair:3   | Reached skill level 12 in Invocations
 20909 | Lair:3   | Gained Bolgrim as an ally
 20919 | Lair:3   | Found a staircase to the Shoals.
 21097 | Lair:3   | Reached skill level 10 in Maces & Flails
 21270 | Lair:3   | You fall into a shaft and drop 1 floor!
 21450 | Lair:4   | Found a shimmering blue altar of Sif Muna.
 21502 | Lair:4   | Reached ***** piety under Beogh
 21686 | Lair:4   | Your ally Milork died
 22108 | Lair:4   | Reached skill level 10 in Armour
 22108 | Lair:4   | Reached skill level 13 in Invocations
 23363 | Lair:5   | Got a bloodstained scimitar
 23364 | Lair:5   | Identified the +1 scimitar of Ossam {chaos, Int+5 Dex+2}
                  | (You found it on level 5 of the Lair of Beasts)
 23497 | Lair:5   | Found a staircase to the Slime Pits.
 24256 | Lair:6   | Entered Level 6 of the Lair of Beasts
 24286 | Lair:6   | Reached XP level 14. HP: 110/125 MP: 24/24
 24295 | Lair:6   | Gained Gorm as an ally
 24507 | Lair:6   | Gained Thorok as an ally
 24604 | Lair:6   | Found a basalt altar of Yredelemnul.
 24635 | Lair:6   | Found a runed translucent gate.
 24655 | Lair:6   | Found a runed translucent gate.
 24656 | Lair:6   | Found a runed translucent gate.
 24673 | Lair:6   | Reached skill level 14 in Invocations
 25079 | Lair:6   | Noticed Curus's ghost (journeyman DrBe)
 25747 | Lair:6   | Got a twitching silver ring
 25749 | Lair:6   | Identified the ring "Himussus" {Wiz rElec rPois SInv
                  | Stlth+} (You found it on level 6 of the Lair of Beasts)
 25882 | Lair:6   | Found the +0 pair of fencer's gloves {Riposte Dex+3}
 27177 | D:13     | HP: 2/127 [slime creature (7)]
 27180 | D:13     | Your ally Thorok died
 27183 | D:13     | Your ally Orik died
 27189 | D:13     | Slain by a white ugly thing

Levels and vault maps discovered:
D:1:      nicolae_arrival_memento_mori, layout_basic
D:2:      layout_basic, old_standard_altar
D:3:      layout_basic, gammafunk_ghost_cemetery, first_ration
D:4:      layout_basic
D:5:      layout_basic, lemuel_temple_firewalk_a, kennysheep_generic_room_16,
          uniq_duvessa, uniq_sigmund, uniq_ijyb
D:6:      layout_cave_pools, uniq_eustachio
D:7:      layout_cave_pools, minmay_gold_behind_fungi, the_bakery,
          kennysheep_generic_room_6, uniq_menkaure
D:8:      layout_layer_cave, grunt_lair_entry_orc_guard_hut,
          serial_bayou_pond_e, fedhas_altar_fruit_tree
D:9:      layout_loops_corners, palyth_temple_overflow_mages,
          kennysheep_little_box, grunt_temple_overflow_open
D:10:     layout_small_grid
D:11:     layout_roguey, orc_0_dummy, minmay_fractal_squares_gapless_7
D:12:     layout_cave_pods, uniq_rupert
D:13:     minmay_recursive_quarters, layout_loops_ring
Temple:   minmay_temple_curvy_loop
Lair:1:   layout_small_grid, ebering_ghost_disaster_area,
          infiniplex_staircase_pool_2
Lair:2:   layout_chaotic_city, minmay_snake_entry_guardpost_medium,
          minmay_lair_oklob_chamber
Lair:3:   layout_gridlike, elwin_shoals_entry_stream, minmay_holes,
          lemuel_fruit_tree
Lair:4:   wander_river, layout_concentric_octagons, basic_altar, st_stairs_9
Lair:5:   layout_cave_pods, slime_dummy, serial_bayou_pond_d,
          infiniplex_staircase_pool, grunt_megastairs_4
Lair:6:   grunt_lair_end_beastmaster, layout_loops_ring, gammafunk_ghost_icy,
          basic_altar

Skill      XL: |  1  2  3  4  5  6  7  8  9 10 11 12 13 14 |
---------------+-------------------------------------------+-----
Armour         | 1 2 3 4 5 6 7 9 10 11 | 11.0
Fighting       | 4 5 6 7 8 9 10 11 12 | 12.3
Axes           | 5 6 7 8 9 10 11 | 11.7
Shields        | 2 3 5 6 8 9 10 11 12 | 12.0
Invocations    | 2 5 7 9 10 11 13 14 | 14.9
Maces & Flails | 1 6 9 10 11 | 11.3
Dodging        | |  2.4
Stealth        | |  1.5

Action                   |  1- 3 |  4- 6 |  7- 9 | 10-12 | 13-15 || total
-------------------------+-------+-------+-------+-------+-------++-------
Melee: Hand axe          |   133 |   230 |       |       |       ||   363
       War axe           |       |    28 |   255 |   189 |       ||   472
       Mace              |       |       |       |   374 |   440 ||   814
Throw: Stone             |    12 |     7 |       |       |       ||    19
       Dart              |       |    20 |    11 |     1 |       ||    32
Invok: Convert to Beogh  |       |     1 |       |       |       ||     1
       Smiting           |       |       |     5 |    13 |     7 ||    25
       Recall Orcish Fol |       |       |       |       |     4 ||     4
       Give Item to Name |       |       |       |       |     1 ||     1
  Use: Scroll            |       |     5 |     3 |    11 |     4 ||    23
       Potion            |       |       |       |     1 |     2 ||     3
 Stab: Sleeping          |     2 |       |       |       |       ||     2
       Distracted        |       |       |       |     5 |     2 ||     7
  Eat: Chunk             |     3 |     8 |    10 |    22 |    16 ||    59
       Ration            |       |     1 |     3 |     1 |     2 ||     7
Armor: Leather armour    |    46 |     5 |       |       |       ||    51
       Scale mail        |       |    35 |       |       |       ||    35
       Chain mail        |       |    72 |    34 |       |       ||   106
       Plate armour      |       |       |    77 |   222 |   163 ||   462
Dodge: Dodged            |    77 |   103 |    34 |    83 |    81 ||   378
       Deflected         |       |       |       |       |     4 ||     4
Block: Shield            |       |    27 |   111 |   293 |   222 ||   653
